 Dungeon Crawl Stone Soup version 0.26.1-2-gb8aa6d0cf2 (webtiles) character file.

Game seed: 3532184146927738284

8640 CryoSword the Fighter (level 11, -4/124 HPs)
             Began as an Ogre Chaos Knight on Feb 15, 2021.
             Was a Plaything of Xom.
             Slain by a troll (7 damage)
             ... on level 11 of the Dungeon.
             The game lasted 00:26:54 (10734 turns).

CryoSword the Fighter (Ogre Chaos Knight)          Turns: 10734, Time: 00:26:54

Health: -4/124     AC:  7    Str: 18    XL:     11   Next: 34%
Magic:  11/11      EV: 10    Int: 13    God:    Xom [*.....]
Gold:   603        SH:  0    Dex: 11    Spells: 10/10 levels left

rFire    . . .     SeeInvis .   b - +1 giant spiked club
rCold    . . .     Faith    .   (shield currently unavailable)
rNeg     . . .     Spirit   .   A - +0 troll leather armour
rPois    .         Reflect  .   (helmet restricted)
rElec    .         Harm     .   w - +1 cloak (curse)
rCorr    +         Rampage  .   (gloves unavailable)
Will     +....     Rnd*Rage +   (boots unavailable)
Stlth    ++........             s - amulet of regeneration
HPRegen  1.10/turn              t - ring of resist corrosion (curse)
MPRegen  0.12/turn              (no ring)

@: very slightly contaminated, invisible
A: large, unfitting armour, hooves 1, berserk 1, deterioration 1, tough skin 1,
wild magic 1, MP-powered wands
a: Renounce Religion


You were on level 11 of the Dungeon.
You worshipped Xom.
You were a special plaything of Xom.
You visited 1 branch of the dungeon, and saw 11 of its levels.

You collected 603 gold pieces.

Inventory:

Hand Weapons
 a - a +2 whip of electrocution
   (You found it on level 4 of the Dungeon)
 b - a +1 giant spiked club (weapon)
   (You took it off an ogre on level 5 of the Dungeon)
 q - a +0 mace of chaos
Missiles
 j - 51 poisoned darts (quivered)
 m - 10 boomerangs
Armour
 d - a +1 robe of willpower
   (You found it on level 1 of the Dungeon)
 w - a cursed +1 cloak (worn)
   (You found it on level 8 of the Dungeon)
 A - a +0 troll leather armour (worn)
   (You found it on level 9 of the Dungeon)
Jewellery
 r - an uncursed amulet of reflection
   (You found it on level 6 of the Dungeon)
 s - an amulet of regeneration (around neck)
   (You took it off a gnoll on level 5 of the Dungeon)
 t - a cursed ring of resist corrosion (left hand)
   (You found it on level 6 of the Dungeon)
 H - an uncursed ring of magical power {unknown}
   (You found it on level 11 of the Dungeon)
Wands
 h - a wand of iceblast (7)
   (You took it off Ijyb on level 3 of the Dungeon)
 l - a wand of disintegration (7)
   (You found it on level 3 of the Dungeon)
 u - a wand of digging (4)
   (You found it on level 8 of the Dungeon)
 D - a wand of paralysis (14)
   (You found it on level 10 of the Dungeon)
 E - a wand of acid (8)
   (You found it on level 10 of the Dungeon)
Scrolls
 e - 4 scrolls of identify {@r1}
 f - 10 scrolls of remove curse {@r2}
 g - 3 scrolls of blinking
 i - 5 scrolls of teleportation {@r4}
 k - 3 scrolls of amnesia
 n - a scroll of enchant armour
 o - a scroll of fog {unknown}
 p - 2 scrolls of immolation {!r}
 v - 2 scrolls of noise {unknown}
 y - 2 scrolls of magic mapping {unknown}
 B - a scroll of vulnerability {unknown}
 C - 2 scrolls of random uselessness {unknown}
Potions
 c - 3 potions of curing {@q1}
 x - 2 potions of berserk rage
 F - a potion of magic
 G - a potion of resistance {unknown}
 I - a potion of brilliance {unknown}


   Skills:
 + Level 12.5 Fighting
 * Level 12.2 Maces & Flails
 + Level 3.4 Dodging
 + Level 4.1 Stealth


You had 10 spell levels left.
You didn't know any spells.
Your spell library was empty.

Dungeon Overview and Level Annotations

Branches:
Dungeon (11/15)            Temple (0/1) D:5            Lair (0/6) D:9
    Orc (0/2) D:9

Altars:
Fedhas
Xom

Shops:
D:7 :

Annotations:
D:10 3 runed translucent doors
D:11 exclusion: ugly thing


Innate Abilities, Weirdness & Mutations

You are too large for most types of armour.
You have tough skin. (AC +1)
You have large cloven feet.
You tend to lose your temper in combat.
Your body sometimes deteriorates upon taking damage.
Your spells are a little harder to cast, but a little more powerful.
You expend magic power (3 MP) to strengthen your wands.


Message History

The raiju bites you. The raiju shocks you!
A red film seems to cover your vision as you go berserk!
You feel yourself moving faster!
You feel mighty!
You barely miss the raiju. The raiju bites you but does no damage.
You hit the raiju.
You kill the raiju!
You feel a strong urge to attack something.
You feel your anger nearly subside.
You are no longer berserk.
You are exhausted.
You feel yourself slow down.
You feel yourself speed up.
You recover from your berserk rage.
You open the door.
Found a flail.
There is an open door here.
You open the door.
Okay, then.
Xom adds some personal touches to your environment.
A door bursts open, and another door slams shut!
There is an open door here.
You see here 2 arrows.
You see here 27 bolts.
An iguana comes into view.
An iguana is nearby!
A bullfrog zombie comes into view.
The iguana hisses angrily.
You closely miss the iguana. You kick the iguana.
The iguana completely misses you.
You hit the iguana. The iguana barely misses you.
You bludgeon the iguana!!
You kill the iguana!
The bullfrog zombie hits you.
You bludgeon the bullfrog zombie!!
The bullfrog zombie hits you but does no damage.
You beat the bullfrog zombie like a drum!!!
You destroy the bullfrog zombie!
No target in view!
No target in view!
Found 13 stones.
A troll comes into view.
The troll shouts!
Found 20 stones and 5 gold pieces.
A troll is nearby!
A troll is nearby!
The troll bites you. The troll claws you. The troll barely misses you.
You closely miss the troll. Your kick misses the troll. The troll bites you!
The troll claws you but does no damage. x2
You hit the troll.
You kick the troll. "Serve the mortal, my children!"
You are now a toy of Xom.
The troll bites you but does no damage. The troll barely misses you.
The troll claws you.
You barely miss the troll. Your ufetubus hits the troll. x2
The troll closely misses you. The troll claws you. The troll misses you.
You impale the troll!! Your ufetubus hits the troll.
Your ufetubus barely misses the troll.
Your ufetubus hits the troll.
Your ufetubus hits the troll but does no damage.
Your ufetubus hits the troll.
The troll dies!
No target in view!
No target in view!
You swap places.
You now have 603 gold pieces (gained 5).
You swap places.
You swap places.
You see here a troll corpse.
Could not explore, unopened door.
Could not explore, unopened door.
Could not explore, unopened door.
You open the door.
A wyvern skeleton comes into view.
Your crimson imp blinks!
There is an open door here.
A wyvern skeleton is nearby!
A wyvern skeleton is nearby!
The wyvern skeleton bites you.
You hit the wyvern skeleton. You kick the wyvern skeleton.
The wyvern skeleton bites you but does no damage.
You impale the wyvern skeleton!!
Your ufetubus barely misses the wyvern skeleton.
Your ufetubus hits the wyvern skeleton.
The wyvern skeleton bites your ufetubus!
Your ufetubus dies!
A worker ant comes into view.
Your ufetubus hits the wyvern skeleton.
The wyvern skeleton is destroyed!
Your ufetubus disappears in a puff of smoke!
The worker ant bites you but does no damage.
You impale the worker ant!!
You kill the worker ant!
No target in view!
No target in view!
You see here a worker ant corpse.
Your white imp degenerates into a cloud of primal chaos!
Your iron imp disappears in a puff of smoke!
You see here 13 stones.
You see here 13 stones.
A troll comes into view.
A troll is nearby!
A troll is nearby!
The troll shouts!
You hear a horrible gurgling sound!
The troll bites you. The troll claws you!
The troll claws you but does no damage.
You sock the troll! The troll bites you. The troll barely misses you.
The troll closely misses you.
You impale the troll!! Your kick misses the troll. The troll bites you!
The troll claws you. The troll claws you but does no damage.
You closely miss the troll. The troll bites you but does no damage.
The troll claws you! The troll claws you. The troll barely misses you.
The troll claws you. The troll claws you!
You closely miss the troll. You kick the troll.
The troll bites you but does no damage. The troll claws you but does no damage.
The troll claws you.
You barely miss the troll. The troll bites you. The troll claws you!
* * * LOW HITPOINT WARNING * * *
The troll claws you.
* * * LOW HITPOINT WARNING * * *
You barely miss the troll. The troll barely misses you. The troll claws you!
* * * LOW HITPOINT WARNING * * *
The troll claws you but does no damage.
You closely miss the troll. Your kick misses the troll.
The troll barely misses you. The troll completely misses you.
The troll claws you but does no damage.
You closely miss the troll. The troll bites you!
* * * LOW HITPOINT WARNING * * *
The troll claws you!
* * * LOW HITPOINT WARNING * * *
The troll claws you but does no damage. The troll barely misses you.
The troll claws you!
* * * LOW HITPOINT WARNING * * *
The troll misses you.
You are now a special plaything of Xom.
You closely miss the troll. You kick the troll, but do no damage.
The troll bites you.
* * * LOW HITPOINT WARNING * * *
The troll closely misses you. x2
You fade into invisibility!
The troll bites you.
* * * LOW HITPOINT WARNING * * *
The troll claws you but does no damage. The troll claws you.
* * * LOW HITPOINT WARNING * * *
You are very lightly contaminated with residual magic.
You closely miss the troll. The troll closely misses you. The troll claws you!
* * * LOW HITPOINT WARNING * * *
The troll claws you.
* * * LOW HITPOINT WARNING * * *
You barely miss the troll. You kick the troll. The troll bites you!
* * * LOW HITPOINT WARNING * * *
The troll claws you!
You die...

#.# #.# #.......# #.# #.#####
###.##### #.. #.#...# #.#
##.....#####+## #.........#...##
#.###.###......##
#..##.###.......##
..#.#########...#.##.........#
............T@†....+..(......+
##u[......######...####.........#
#......##. #...# ##...†...##
#..### #. #.#.#####....55## #..
#. #.........#...## #.. ..
###.########'## #.# ## #.#
####.### #.# #.# #......### #.#
#.# #.##.#....


You could see a troll.

Vanquished Creatures
  An orb spider (shapeshifter) (D:5)
  A troll (D:9)
  2 hornets
  A raiju (D:11)
  9 yaks
  2 basilisks
  Grum (D:9)
  2 wyverns
  3 water moccasins
  An ice beast (D:9)
  2 black bears (D:7)
  A sky beast (D:5)
  6 ogres
  4 wolves (D:9)
  7 centaurs
  A phantom (D:10)
  A lemure (D:4)
  Blork the orc (D:5)
  5 bullfrogs
  A wyvern skeleton (D:10)
  4 scorpions
  12 wights
  2 howler monkeys
  A bullfrog zombie (D:11)
  11 hounds
  A centaur zombie (D:10)
  3 iguanas
  Ijyb (D:3)
  10 orc wizards
  8 worker ants
  A killer bee zombie (D:8)
  2 hound zombies
  A hound skeleton (D:8)
  A howler monkey skeleton (D:8)
  A worker ant zombie (D:10)
  3 gnolls (D:5)
  13 adders
  4 white imps
  4 ufetubi
  An adder skeleton (D:4)
  3 worms
  2 dart slugs (D:1)
  8 leopard geckos
  33 orcs
  A ball python (D:1)
  2 bats
  A giant cockroach (D:2)
  3 goblins (D:1)
  6 hobgoblins
  20 jackals
  3 kobolds
  2 quokkas
  A ball python skeleton (D:4)
  10 frilled lizards
  A giant cockroach zombie (D:6)
  A leopard gecko skeleton (D:4)
  A quokka zombie (D:7)
  6 rats
240 creatures vanquished.

Vanquished Creatures (collateral kills)
  Pikel (D:4)
  Joseph (D:8)
  A troll (D:11)
  2 lemures (D:4)
  A wyvern skeleton (D:11)
6 creatures vanquished.

Vanquished Creatures (others)
  2 fungi (D:9)
  12 plants (D:9)
14 creatures vanquished.

Grand Total: 260 creatures vanquished

Notes
Turn   | Place    | Note
-------+----------+-------------------------------------------
     0 | D:1      | CryoSword the Ogre Chaos Knight began the quest for the
                  | Orb.
     0 | D:1      | Reached XP level 1. HP: 24/24 MP: 1/1
    32 | D:1      | XOM: silly message
   104 | D:1      | XOM: divination: magic mapping
   164 | D:1      | Reached XP level 2. HP: 28/32 MP: 2/2
   266 | D:1      | XOM: give mutations
   266 | D:1      | Gained mutation: You are somewhat resistant to further
                  | mutation. [Xom's mischief]
   266 | D:1      | Gained mutation: You are partially covered in molten
                  | scales. (AC +2) [Xom's mischief]
   266 | D:1      | Gained mutation: You are weak. (Str -2) [Xom's mischief]
   266 | D:1      | Gained mutation: You occasionally shout uncontrollably at
                  | your foes. [Xom's mischief]
   288 | D:2      | XOM: stealth player
   512 | D:1      | Reached XP level 3. HP: 40/40 MP: 3/3
  1171 | D:2      | XOM: scenery: create altars
  1222 | D:2      | XOM: scenery: summon butterflies
  1263 | D:2      | XOM: cloud trail
  1509 | D:3      | XOM: polymorph kobold -> frilled lizard
  1511 | D:3      | Reached XP level 4. HP: 41/49 MP: 4/4
  1512 | D:3      | XOM: silly message
  1536 | D:2      | XOM: stat loss: -1 Str (13/14)
  1636 | D:2      | XOM: give mutations
  1636 | D:2      | Gained mutation: You are frail. (-10% HP) [Xom's mischief]
  1636 | D:2      | Gained mutation: You are very weak. (Str -4) [Xom's
                  | mischief]
  1636 | D:2      | Lost mutation: You are partially covered in molten scales.
                  | (AC +2) [Xom's mischief]
  1636 | D:2      | Gained mutation: Your mind is acute. (Int +2) [Xom's
                  | mischief]
  1802 | D:3      | XOM: cast spell 'Call Canine Familiar'
  1987 | D:3      | Noticed an ogre
  1990 | D:3      | Lost mutation: You are frail. (-10% HP) [potion of
                  | mutation]
  1990 | D:3      | Lost mutation: You occasionally shout uncontrollably at
                  | your foes. [potion of mutation]
  1990 | D:3      | Lost mutation: You are somewhat resistant to further
                  | mutation. [potion of mutation]
  1990 | D:3      | Lost mutation: Your mind is acute. (Int +2) [potion of
                  | mutation]
  1990 | D:3      | Gained mutation: You expend magic power (3 MP) to
                  | strengthen your wands. [potion of mutation]
  1990 | D:3      | Gained mutation: You have large cloven feet. [potion of
                  | mutation]
  1998 | D:3      | Killed an ogre
  1999 | D:3      | Reached skill level 5 in Fighting
  1999 | D:3      | Reached XP level 5. HP: 57/57 MP: 5/5
  2126 | D:3      | XOM: silly message
  2297 | D:3      | Noticed Ijyb
  2333 | D:3      | Killed Ijyb
  2334 | D:3      | Reached XP level 6. HP: 18/66 MP: 6/6
  2568 | D:3      | XOM: divination: detect items
  3129 | D:4      | XOM: stealth player
  3180 | D:4      | XOM: potion effect (might)
  3498 | D:4      | XOM: silly message
  3526 | D:4      | XOM: potion effect (might)
  3530 | D:4      | Reached skill level 1 in Stealth
  3535 | D:4      | Reached skill level 5 in Maces & Flails
  3697 | D:4      | XOM: silly message
  3775 | D:4      | Noticed Pikel
  3797 | D:4      | Killed Pikel
  3798 | D:4      | Reached XP level 7. HP: 49/76 MP: 7/7
  4245 | D:4      | XOM: 2-stop teleportation journey
  4282 | D:4      | XOM: summons 2 hostile shadow creatures
  4438 | D:5      | Entered Level 5 of the Dungeon
  4438 | D:5      | Noticed Blork the orc
  4479 | D:5      | Found a staircase to the Ecumenical Temple.
  4479 | D:5      | XOM: 7-stop teleportation journey
  4600 | D:5      | Reached XP level 8. HP: 63/87 MP: 8/8
  5051 | D:5      | Killed Blork the orc
  5422 | D:5      | XOM: fake destruction
  5428 | D:5      | XOM: smoke on damage
  5786 | D:5      | XOM: 1-stop teleportation journey
  5830 | D:5      | XOM: confuse monster(s)
  5834 | D:5      | XOM: enchant monster (bad)
  6182 | D:5      | Noticed a shapeshifter
  6182 | D:5      | a gnoll changed into a shapeshifter
  6182 | D:5      | XOM: polymorph gnoll -> shapeshifter
  6182 | D:5      | Noticed a komodo dragon
  6182 | D:5      | a shapeshifter changed into a komodo dragon
  6201 | D:5      | XOM: potion effect (might)
  6204 | D:5      | XOM: confusion (+ monsters)
  6204 | D:5      | Noticed an orb spider
  6204 | D:5      | a komodo dragon changed into an orb spider
  6219 | D:5      | Killed an orb spider
  6220 | D:5      | Reached XP level 9. HP: 81/97 MP: 9/9
  6347 | D:6      | XOM: smoke on damage
  6788 | D:7      | XOM: give mutations
  6788 | D:7      | Gained mutation: Your spells are a little harder to cast,
                  | but a little more powerful. [Xom's mischief]
  6788 | D:7      | Gained mutation: You tend to lose your temper in combat.
                  | [Xom's mischief]
  6788 | D:7      | Lost mutation: You are very weak. (Str -4) [Xom's mischief]
  6845 | D:7      | Noticed a hornet
  6848 | D:7      | Paralysed by a hornet for 2 turns
  6851 | D:7      | Killed a hornet
  6859 | D:7      | XOM: 4-stop teleportation journey
  7181 | D:7      | Found Meugeam's Book Shop.
  7472 | D:8      | Reached skill level 10 in Fighting
  7624 | D:8      | Noticed Joseph
  7628 | D:8      | XOM: silly message
  7634 | D:8      | Killed Joseph
  7635 | D:8      | Reached XP level 10. HP: 93/111 MP: 10/10
  7731 | D:8      | XOM: potion effect (brilliance)
  7756 | D:8      | XOM: cast spell 'Olgreb's Toxic Radiance'
  7763 | D:8      | Reached skill level 10 in Maces & Flails
  7770 | D:8      | XOM: potion effect (curing)
  7771 | D:8      | XOM: noise
  7788 | D:8      | XOM: chaos upgrade
  7993 | D:8      | You fall into a shaft and drop 1 floor!
  8074 | D:9      | Found a staircase to the Orcish Mines.
  8078 | D:9      | Found a blossoming altar of Fedhas.
  8266 | D:8      | XOM: enchant monster (good)
  8641 | D:9      | XOM: fake destruction
  8646 | D:9      | XOM: potion effect (invisibility)
  8667 | D:9      | Found a staircase to the Lair.
  8791 | D:8      | XOM: summons 6 hostile demons
  8936 | D:9      | XOM: cast spell 'Chain of Chaos'
  8939 | D:9      | XOM: noise
  8964 | D:9      | XOM: chaos cloud
  8966 | D:8      | XOM: cleaving
  8971 | D:8      | XOM: silly message
  9112 | D:9      | Noticed Grum
  9126 | D:9      | Killed Grum
  9204 | D:9      | XOM: polymorph water moccasin -> ice beast
  9249 | D:9      | XOM: summons 1 hostile demon
  9447 | D:10     | Entered Level 10 of the Dungeon
  9548 | D:10     | XOM: confusion (+ monsters)
  9555 | D:10     | Reached XP level 11. HP: 113/123 MP: 11/11
  9755 | D:10     | Found a runed translucent gate.
  9755 | D:10     | Found a runed translucent gate.
  9755 | D:10     | Found a runed translucent gate.
  9756 | D:10     | Noticed a green ugly thing
  9763 | D:10     | XOM: stat loss: -1 Int (12/13)
  9900 | D:10     | XOM is BORED!
  9900 | D:10     | XOM: give mutations
  9900 | D:10     | Lost mutation: You are weak. (Str -2) [Xom's mischief]
  9900 | D:10     | Gained mutation: Your body sometimes deteriorates upon
                  | taking damage. [Xom's mischief]
  9957 | D:11     | XOM: enchant monster (bad)
  9987 | D:11     | XOM: enchant monster (good)
 10338 | D:11     | Noticed a brown ugly thing
 10462 | D:11     | XOM: polymorph troll -> raiju
 10570 | D:11     | XOM: scenery: 1 doors open, 1 doors close
 10634 | D:11     | XOM: summons 7 friendly demons
 10734 | D:11     | HP: 3/124 [troll (7)]
 10734 | D:11     | Slain by a troll

Illustrated notes

Levels and vault maps discovered:
D:1:      dpeg_arrival_rooms_b, layout_basic, minmay_misc_feat_hallway,
          due_unseen_surprise
D:2:      layout_loops_ring
D:3:      layout_basic, uniq_ijyb
D:4:      layout_basic, uniq_pikel
D:5:      layout_basic, minmay_temple_entry_large_hall, cheibrodos_gnoll_hut,
          uniq_blork_the_orc
D:6:      layout_basic, grunt_decor_arrowhead
D:7:      layout_rooms, serial_shops, nicolae_shop_competitors_out_of_business,
          kennysheep_generic_room_5
D:8:      layout_basic, uniq_joseph
D:9:      layout_roguey, overflow_temple_1_default, minmay_lair_entry_grove,
          orc_0_dummy, uniq_grum
D:10:     layout_cave_pools, ploomutoo_gammafunk_ghost_potion_laboratory
D:11:     layout_loops_corners

Skill      XL: |  1  2  3  4  5  6  7  8  9 10 11 |
---------------+----------------------------------+-----
Maces & Flails | 3 4 5 6 7 9 11 12 | 12.2
Fighting       | 5 6 7 8 10 11 12 | 12.5
Dodging        | 3 |  3.4
Stealth        | 2 3 4 |  4.1

Action                   |  1- 3 |  4- 6 |  7- 9 | 10-12 || total
-------------------------+-------+-------+-------+-------++-------
Melee: Mace              |    77 |   133 |       |       ||   210
       Kick              |       |    14 |    79 |   107 ||   200
       Whip              |       |       |   308 |   364 ||   672
       Giant spiked club |       |       |       |    29 ||    29
Throw: Dart              |       |    23 |    50 |     8 ||    81
  Use: Potion            |     2 |     4 |     2 |     3 ||    11
       Scroll            |       |     5 |     1 |     5 ||    11
 Stab: Paralysed         |     1 |       |       |       ||     1
       Sleeping          |     3 |       |     8 |     3 ||    14
       Invisible         |       |       |       |     3 ||     3
       Confused          |       |       |       |     2 ||     2
Armor: Robe              |    49 |    50 |    48 |    28 ||   175
       Skin              |       |     5 |       |       ||     5
       Troll leather arm |       |       |       |    62 ||    62
Dodge: Dodged            |    51 |   106 |   145 |   171 ||   473
